[Event "Titled Tuesday Blitz April 11 Early 2023"]
[White "Riehle, Marco"]
[Black "Titichoca Daza, Daniel"]
[WhiteFideId "12904392"]
[BlackFideId "3309550"]
[WhiteElo "2462"]
[BlackElo "2101"]
[Result "1/2-1/2"]
[Round "01"]
[TimeControl "180+2"]
[Date "2023.04.11"]
[WhiteClock "0:00:59"]
[BlackClock "0:00:11"]

1. e4 e5 2. Nf3 Nc6 3. Bc4 Nf6 4. d4 exd4 5. O-O Nxe4 6. Nc3 d5 7. Bxd5 dxc3 8. Bxe4 Qxd1 9. Rxd1 Be7 10. bxc3 O-O 11. Bf4 Bf6 12. Bxc7 Be6 13. Rab1 Nd8 14. Nd4 Rc8 15. Bxd8 Rfxd8 16. Nxe6 Rxd1+ 17. Rxd1 fxe6 18. Bxb7 Rxc3 19. Be4 Ra3 20. g3 Rxa2 21. Rd7 a5 22. Bd3 a4 23. Kg2 Kf8 24. Bxh7 Ra1 25. Bd3 a3 26. Bc4 Rc1 27. Bxe6 Rxc2 28. Rf7+ Ke8 29. Ra7 Rxf2+ 30. Kh3 Re2 31. Bd5 Bb2 32. g4 Re3+ 33. Kg2 Re2+ 34. Kg3 Be5+ 35. Kf3 Rxh2 36. Ke4 Re2+ 37. Kf5 Bf6 38. Bc6+ Kf8 39. Rxa3 Re5+ 40. Kf4 Rc5 41. Bd7 Ke7 42. Ra7 Rc4+ 43. Kf5 Kd6 44. Be8 Rc5+ 45. Ke4 Re5+ 46. Kf3 Rxe8 47. Ra6+ Ke5 48. Ra1 Ke6 49. Ra7 Re7 50. Ra6+ Kf7 51. Ra5 Kg6 52. Ra6 Re5 53. Rb6 Rc5 54. Ra6 Rc3+ 55. Kf4 Rc4+ 56. Kf3 Kh6 57. Ra5 Kg6 58. Rb5 Kf7 59. Rb7+ Be7 60. Rb5 g5 61. Rf5+ Kg6 62. Rb5 Bd6 63. Rb6 Rd4 64. Ke3 Rxg4 65. Rxd6+ Kh5 66. Kf3 Ra4 67. Rd8 Ra3+ 68. Kg2 Kg4 69. Rd4+ Kf5 70. Rb4 Ra2+ 71. Kg3 Ra3+ 72. Kg2 g4 73. Rb8 Ra5 74. Kg3 Ra3+ 75. Kg2 Kg5 76. Rg8+ Kh4 77. Rh8+ Kg5 78. Rb8 Ra2+ 79. Kg3 Ra3+ 80. Kg2 Ra6 81. Rh8 Ra3 82. Rh7 Kf4 83. Rf7+ Kg5 84. Rg7+ Kh4 85. Rh7+ Kg5 86. Rh8 g3 87. Kh3 Kf4 88. Rg8 g2+ 89. Kh2 Ra2 90. Rf8+ Ke3 91. Rg8 Kf3 92. Rg3+ Kf4 93. Rg8 Kf3 94. Rg7 Kf4 95. Rxg2 Rxg2+ 96. Kxg2 1/2-1/2


[Site "https://www.chess.com"]

[Event "Titled Tuesday Blitz April 11 Early 2023"]
[White "Jumanov, Elbek"]
[Black "Idani, Pouya"]
[WhiteFideId "14202905"]
[BlackFideId "12510130"]
[WhiteElo "2055"]
[BlackElo "2574"]
[Result "1-0"]
[Round "01"]
[TimeControl "180+2"]
[Date "2023.04.11"]
[WhiteClock "0:00:10"]
[BlackClock "0:00:08"]

1. c4 e5 2. g3 c6 3. d4 exd4 4. Qxd4 d5 5. Nc3 Nf6 6. Bg2 Be6 7. cxd5 cxd5 8. Nf3 Nc6 9. Qa4 Be7 10. O-O O-O 11. Rd1 a6 12. Nd4 Ne5 13. Nxe6 fxe6 14. Bh3 Qd6 15. Bf4 Nfd7 16. Ne4 Qb6 17. Be3 Nc5 18. Nxc5 Bxc5 19. Bxc5 Qxc5 20. Bxe6+ Kh8 21. Qd4 Qd6 22. Qxd5 Qb8 23. Rac1 Nc6 24. Qg5 Qe8 25. Rd7 Rg8 26. Bg4 Ne5 27. Re7 Nf7 28. Qe3 Qf8 29. Rcc7 Nd6 30. Be6 Ne8 31. Rxb7 Nf6 32. Bxg8 Qxg8 33. Rxg7 Qxg7 34. Rxg7 Kxg7 35. Qe7+ Kg6 36. Qe6 Re8 37. Qxa6 Re4 38. Qd3 Kf7 39. f3 Re7 40. e4 Rd7 41. Qc4+ Ke7 42. Kg2 Rd2+ 43. Kh3 Rxb2 44. a4 Rb7 45. a5 Nd7 46. a6 Ra7 47. Qb5 Kd6 48. f4 Kc7 49. e5 Nb8 50. Qc5+ Nc6 51. Qc4 Kb6 52. e6 Rxa6 53. f5 Ra7 54. f6 Kc7 55. f7 Ra8 56. Qc5 Kb7 57. f8=Q Rxf8 58. Qxf8 1-0


[Site "https://www.chess.com"]

[Event "Titled Tuesday Blitz April 11 Early 2023"]
[White "Dehtiarov, Roman"]
[Black "Inepton_Fermion"]
[WhiteFideId "14186640"]
[WhiteElo "2189"]
[BlackElo "2436"]
[Result "1-0"]
[Round "01"]
[TimeControl "180+2"]
[Date "2023.04.11"]
[WhiteClock "0:01:11"]
[BlackClock "0:00:03"]

1. d4 g6 2. c4 Bg7 3. g3 c5 4. d5 b5 5. e3 d6 6. cxb5 a6 7. Nc3 Nf6 8. a4 O-O 9. Bc4 Bb7 10. Nge2 Nbd7 11. O-O Nb6 12. Qb3 axb5 13. Nxb5 Nxc4 14. Qxc4 Bxd5 15. Qc2 Ne4 16. f3 Nf6 17. e4 Bc6 18. Nec3 Qb6 19. Be3 Nd7 20. Rab1 Ne5 21. b4 Nc4 22. Bf2 Rfc8 23. bxc5 dxc5 24. Nd5 Bxd5 25. exd5 Nd6 26. Rfc1 Qa5 27. Bxc5 Qxa4 28. Qxa4 Rxa4 29. Bxd6 Rxc1+ 30. Rxc1 exd6 31. Rc8+ Bf8 32. Nxd6 Rd4 33. Ne4 Kg7 34. Rd8 1-0


[Site "https://www.chess.com"]

[Event "Titled Tuesday Blitz April 11 Early 2023"]
[White "Doctoorx"]
[Black "Ilkhomi, Jaloliddin"]
[BlackFideId "14700948"]
[WhiteElo "2435"]
[BlackElo "2045"]
[Result "0-1"]
[Round "01"]
[TimeControl "180+2"]
[Date "2023.04.11"]
[WhiteClock "0:00:01"]
[BlackClock "0:02:33"]

1. Nf3 Nf6 2. g3 e6 3. Bg2 d5 4. O-O b6 5. d3 Bb7 6. Nbd2 Nbd7 7. b3 c5 8. Bb2 Qc7 9. Re1 Bd6 10. e4 dxe4 11. Nxe4 Nxe4 12. dxe4 Ne5 13. c4 Rd8 14. Qc2 Nxf3+ 15. Bxf3 Be5 16. Rad1 O-O 17. Bg2 h6 18. Bxe5 Qxe5 19. f4 Qc7 20. e5 Rxd1 21. Rxd1 Bxg2 22. Kxg2 Rd8 23. Kf2 Rd7 24. Rd2 Qd8 25. Ke2 Rd4 26. Qc3 Rxd2+ 27. Qxd2 Qa8 28. Qe3 Qh1 29. Qf2 h5 30. Kd3 g6 31. Kc3 Qa1+ 32. Qb2 Qg1 33. Qd2 Kg7 34. Kb2 h4 35. gxh4 Qg4 36. Qe3 Qxh4 37. h3 Qh5 38. Ka3 Qd1 39. Ka4 Qd7+ 40. Ka3 Qd1 41. Ka4 a6 42. Ka3 Qd7 43. Kb2 Qc6 44. a3 b5 45. Kc3 a5 46. cxb5 Qxb5 47. Qd3 Qb7 48. a4 Qb4+ 49. Kc2 Qxf4 50. Qc3 Qe4+ 51. Kb2 Qe2+ 52. Ka3 Qf1 53. Kb2 Qg2+ 54. Ka3 Qd5 55. Qxa5 Qxe5 56. Ka2 Qd4 57. Qe1 e5 58. a5 e4 59. a6 e3 60. a7 Qd2+ 61. Qxd2 exd2 62. a8=Q d1=Q 0-1


[Site "https://www.chess.com"]

[Event "Titled Tuesday Blitz April 11 Early 2023"]
[White "Liyanage, Ranindu Dilshan"]
[Black "Bas Mas, Jose Joaquin"]
[WhiteFideId "9915834"]
[BlackFideId "22219064"]
[WhiteElo "2199"]
[BlackElo "2233"]
[Result "1-0"]
[Round "01"]
[TimeControl "180+2"]
[Date "2023.04.11"]
[WhiteClock "0:01:09"]
[BlackClock "0:00:58"]

1. e4 e6 2. d4 d5 3. Nc3 Nf6 4. exd5 exd5 5. Bd3 c5 6. dxc5 Bxc5 7. Nf3 O-O 8. O-O h6 9. h3 Nc6 10. Bf4 a6 11. Qd2 Be6 12. Bxh6 gxh6 13. Qxh6 Nd4 14. Qg5+ Kh8 15. Nxd4 Bxd4 16. Qh4+ Kg7 17. Qxd4 Rh8 18. Rae1 Qd6 19. Re3 Bd7 20. Rf3 Rh6 21. Re1 Rg8 22. Ne4 dxe4 23. Qxd6 exf3 24. Re7 Bxh3 25. gxh3 Kh8+ 26. Kf1 Ng4 27. Qd4+ f6 28. Qe4 Nh2+ 29. Ke1 Rg1+ 30. Kd2 1-0


[Site "https://www.chess.com"]

[Event "Titled Tuesday Blitz April 11 Early 2023"]
[White "Kopczynski, Michal"]
[Black "Rodshtein, Maxim"]
[WhiteFideId "1124200"]
[BlackFideId "2806851"]
[WhiteElo "2212"]
[BlackElo "2555"]
[Result "1/2-1/2"]
[Round "01"]
[TimeControl "180+2"]
[Date "2023.04.11"]
[WhiteClock "0:00:08"]
[BlackClock "0:00:24"]

1. e4 g6 2. d4 Bg7 3. Nc3 d6 4. Be3 a6 5. Qd2 Nd7 6. O-O-O b5 7. h4 h6 8. h5 g5 9. f4 gxf4 10. Bxf4 Bb7 11. Nf3 e6 12. e5 b4 13. Ne2 a5 14. exd6 cxd6 15. Bxd6 Qb6 16. Be5 Ngf6 17. Nf4 Ne4 18. Qe1 Nxe5 19. dxe5 Nf2 20. Bb5+ Kf8 21. Qe2 Nxh1 22. Rxh1 Rd8 23. Rf1 Ke7 24. Nh4 Rd4 25. Ba4 Kd8 26. Nd3 Qc7 27. Nf3 Re4 28. Qf2 Kc8 29. Qa7 Rd8 30. Kb1 Bf8 31. Nd2 Red4 32. Nb3 R4d5 33. g4 Bc6 34. Qa6+ Bb7 35. Qa7 Rxe5 36. Nxe5 Qxe5 37. Qxa5 Qxa5 38. Nxa5 Bg2 39. Rg1 Bc5 40. Rc1 Bf3 41. Nc4 Bxg4 42. a3 bxa3 43. bxa3 Bf5 44. Ka2 Kc7 45. Rb1 Rd4 46. Bb3 f6 47. Rg1 Re4 48. Rg7+ Kc6 49. Rh7 Re2 50. Rxh6 Bd4 51. Rh8 Re1 52. Ba4+ Kb7 53. Na5+ Kc7 54. Nb3 Bc3 55. Rg8 Bxc2 56. Rg7+ Kd6 57. h6 Bxb3+ 58. Kxb3 Be5 59. h7 Re3+ 60. Kc4 Rh3 61. Kb5 Rh4 62. Rf7 f5 63. Kb6 Bd4+ 64. Kb5 Ke5 65. Bb3 Rh2 66. Re7 Rh3 67. Rxe6+ Kf4 68. Kc4 Be5 69. Re7 Rc3+ 70. Kb4 Rh3 71. Bg8 Bd6+ 72. Kb5 Bxe7 73. a4 Bf6 74. a5 Ra3 75. a6 Bh8 76. Kb6 Ke3 77. a7 f4 78. Kb7 f3 79. a8=Q Rxa8 80. Kxa8 Kd4 81. Be6 f2 82. Bh3 Ke3 83. Bf1 Kd2 84. Ba6 Ke1 85. Kb7 f1=Q 86. Bxf1 Kxf1 87. Kc6 Kg2 88. Kd7 Kg3 89. Ke6 Kg4 90. Kf7 Kg5 91. Kg8 Bf6 92. h8=Q Bxh8 1/2-1/2


[Site "https://www.chess.com"]

[Event "Titled Tuesday Blitz April 11 Early 2023"]
[White "Yuan, Qingyu"]
[Black "Leebit02"]
[WhiteFideId "8609772"]
[WhiteElo "2359"]
[BlackElo "2429"]
[Result "0-1"]
[Round "01"]
[TimeControl "180+2"]
[Date "2023.04.11"]
[WhiteClock "0:01:12"]
[BlackClock "0:00:58"]

1. d4 Nf6 2. c4 g6 3. Nf3 Bg7 4. g3 d5 5. cxd5 Nxd5 6. Bg2 Nb6 7. O-O O-O 8. Nc3 Nc6 9. e3 a5 10. Na4 Nxa4 11. Qxa4 e5 12. dxe5 Nxe5 13. Nxe5 Bxe5 14. Rd1 Qe7 15. Bd2 c6 16. Bc3 Bxc3 17. bxc3 Be6 18. Rd2 Rfd8 19. Rad1 Rxd2 20. Rxd2 Rd8 21. Rd4 Qc7 22. h4 h5 23. a3 Qb6 24. Bf3 Kg7 25. Kg2 Bb3 26. Rb4 Qxb4 27. axb4 Bxa4 0-1


[Site "https://www.chess.com"]

[Event "Titled Tuesday Blitz April 11 Early 2023"]
[White "Estrada Nieto, Julian"]
[Black "Rohith Krishna S"]
[WhiteFideId "5101018"]
[BlackFideId "46617051"]
[WhiteElo "2161"]
[BlackElo "2270"]
[Result "0-1"]
[Round "01"]
[TimeControl "180+2"]
[Date "2023.04.11"]
[WhiteClock "0:00:16"]
[BlackClock "0:00:18"]

1. e4 e5 2. Nf3 Nc6 3. Bb5 a6 4. Ba4 Nf6 5. O-O b5 6. Bb3 Be7 7. a4 b4 8. d3 d6 9. h3 Na5 10. Ba2 Rb8 11. Nbd2 O-O 12. Nc4 Nxc4 13. Bxc4 a5 14. Re1 Nd7 15. Be3 Nb6 16. Bb3 c5 17. Nd2 Kh8 18. Qh5 f5 19. exf5 Bxf5 20. Qe2 Qe8 21. f3 Qg6 22. Kh1 Nd7 23. Ne4 Bh4 24. Bf2 Bxf2 25. Qxf2 Rbc8 26. Qh4 Nb6 27. Qe7 Bxh3 28. gxh3 Rxf3 29. Ng5 Qh5 30. Nf7+ Rxf7 31. Qxf7 Qxh3+ 32. Kg1 c4 33. Bxc4 d5 34. Ba6 Rg8 35. Qf2 Nd7 36. Re3 Qh6 37. Rf3 Qxa6 38. Rf1 Qg6+ 39. Rg3 Qc6 40. Qf7 Nf6 41. Kh2 e4 42. dxe4 dxe4 43. Rf5 e3 44. Rxf6 Qxf6 45. Qxf6 gxf6 46. Rxe3 Rd8 47. Re6 Rd2+ 48. Kg3 Rxc2 49. Rxf6 Rxb2 50. Ra6 Ra2 51. Rxa5 Kg7 52. Ra7+ Kf6 53. Ra6+ Ke5 54. Ra5+ Kd4 55. Ra7 Kc3 56. Rc7+ Kb2 57. Ra7 b3 58. Kf4 Ka1 59. Ke4 b2 0-1


[Site "https://www.chess.com"]

[Event "Titled Tuesday Blitz April 11 Early 2023"]
[White "Ioannidis, Evgenios"]
[Black "Melikhov, Evgeny V."]
[WhiteFideId "4229274"]
[BlackFideId "4122046"]
[WhiteElo "2386"]
[BlackElo "2158"]
[Result "1-0"]
[Round "01"]
[TimeControl "180+2"]
[Date "2023.04.11"]
[WhiteClock "0:00:37"]
[BlackClock "0:00:04"]

1. d4 Nf6 2. c4 e6 3. Nc3 Bb4 4. Qc2 c5 5. dxc5 Na6 6. a3 Bxc3+ 7. Qxc3 Nxc5 8. b4 Nce4 9. Qb2 d5 10. c5 h6 11. f3 Ng5 12. Bf4 O-O 13. e3 Re8 14. Bd3 Bd7 15. Ne2 b6 16. O-O bxc5 17. bxc5 Bc6 18. Nd4 Qd7 19. Bd6 Ba4 20. Bb5 Bxb5 21. Qxb5 Rac8 22. Rab1 e5 23. Qxd7 Nxd7 24. Nf5 Nxc5 25. Ne7+ Rxe7 26. Bxe7 Nd3 27. Rb3 e4 28. Bxg5 hxg5 29. fxe4 dxe4 30. Rb7 f6 31. Rxa7 Rc2 32. Rb1 Re2 33. h3 Rxe3 34. Rbb7 1-0


[Site "https://www.chess.com"]

[Event "Titled Tuesday Blitz April 11 Early 2023"]
[White "Gatterer, Florian"]
[Black "Wong, Yinn Long"]
[WhiteFideId "811688"]
[BlackFideId "5707684"]
[WhiteElo "2221"]
[BlackElo "2271"]
[Result "0-1"]
[Round "01"]
[TimeControl "180+2"]
[Date "2023.04.11"]
[WhiteClock "0:00:01"]
[BlackClock "0:00:43"]

1. Nf3 d5 2. g3 Nd7 3. d4 Nb6 4. Bg2 Nf6 5. O-O Bf5 6. a4 a5 7. Nh4 Be4 8. f3 Bg6 9. Nc3 e6 10. e4 c5 11. Nxg6 hxg6 12. Nb5 dxe4 13. Bf4 Nbd5 14. fxe4 Nxf4 15. gxf4 cxd4 16. f5 e5 17. fxg6 Bc5 18. gxf7+ Kxf7 19. Qd3 Rc8 20. Kh1 Rh5 21. Bf3 Rh4 22. Bg2 g6 23. Rad1 Qh8 24. h3 g5 25. Rxf6+ Kxf6 26. Rf1+ Rf4 27. Rxf4+ gxf4 28. Qc4 Qg8 29. Qe2 d3 30. cxd3 Be3 31. Nc3 Qg5 32. Nd5+ Ke6 33. Nc3 Bd4 34. Qc2 f3 35. Qb3+ Kf6 36. Nd5+ Kg6 37. Qxb7 Qxg2# 0-1


[Site "https://www.chess.com"]

[Event "Titled Tuesday Blitz April 11 Early 2023"]
[White "Csonka, Balazs"]
[Black "Mazurkiewicz, Michal"]
[WhiteFideId "742910"]
[BlackFideId "1124943"]
[WhiteElo "2404"]
[BlackElo "2054"]
[Result "1/2-1/2"]
[Round "01"]
[TimeControl "180+2"]
[Date "2023.04.11"]
[WhiteClock "0:00:04"]
[BlackClock "0:00:08"]

1. d4 Nf6 2. c4 e5 3. dxe5 Ng4 4. e3 Nxe5 5. Nh3 d5 6. cxd5 Bxh3 7. gxh3 Bd6 8. Bg2 Nbd7 9. Nc3 Ng6 10. O-O O-O 11. f4 f5 12. Qh5 Qf6 13. Bd2 Rae8 14. Rae1 a6 15. Kh1 Nh4 16. Rf2 g6 17. Qe2 Nxg2 18. Kxg2 Qh4 19. Qf3 Nc5 20. e4 fxe4 21. Nxe4 Nxe4 22. Rxe4 Qf6 23. Bc3 Qf5 24. Rfe2 Rxe4 25. Rxe4 Bxf4 26. Kh1 Bd6 27. Qxf5 Rxf5 28. Re8+ Kf7 29. Rh8 Rxd5 30. Rxh7+ Ke6 31. Rh6 Kf5 32. h4 b5 33. h5 b4 34. Bh8 Rd1+ 35. Kg2 Rd2+ 36. Kf3 Rxh2 37. Rxg6 Rxh5 38. Rg8 Rh3+ 39. Ke2 Rh2+ 40. Kd3 Ke6 41. Kc4 Rh4+ 42. Kb3 Kd5 43. Bf6 Rh3+ 44. Ka4 Kc6 45. Rg6 Re3 46. Bg5 Rg3 47. Rg7 Kb7 48. Bf6 Rxg7 49. Bxg7 c5 50. Kb3 Kc6 51. Kc4 Be7 52. Bh6 Bf6 53. b3 Be5 54. Be3 Bd6 55. Bc1 Be5 56. Be3 Bd6 57. Bf2 Be7 58. Bg3 Bd6 59. Bh4 Bf8 60. Bg5 Bg7 61. Bc1 Bd4 62. a4 bxa3 63. Bxa3 Be3 64. b4 cxb4 65. Bxb4 Bc5 66. Bxc5 a5 67. Bb4 a4 68. Ba3 Kb6 69. Kb4 Kc6 70. Kxa4 1/2-1/2


[Site "https://www.chess.com"]

[Event "Titled Tuesday Blitz April 11 Early 2023"]
[White "Szyszylo, Rafal"]
[Black "Aradhya, Garg"]
[WhiteFideId "1109626"]
[BlackFideId "25006746"]
[WhiteElo "1951"]
[BlackElo "2263"]
[Result "0-1"]
[Round "01"]
[TimeControl "180+2"]
[Date "2023.04.11"]
[WhiteClock "0:00:02"]
[BlackClock "0:00:22"]

1. e4 e5 2. d4 exd4 3. c3 d5 4. exd5 Qxd5 5. cxd4 Nc6 6. Nf3 Bg4 7. Be2 Bb4+ 8. Nc3 Bxf3 9. Bxf3 Qc4 10. Be2 Qxd4 11. Qb3 Nf6 12. O-O O-O 13. Be3 Qe5 14. Bf3 Rab8 15. Rfc1 Bc5 16. Bxc5 Qxc5 17. Nd5 Qd6 18. Rd1 Ne5 19. Be2 c6 20. Nxf6+ Qxf6 21. Qa4 a6 22. Rd2 Rfd8 23. Rad1 Rxd2 24. Rxd2 Rd8 25. Qd1 Rxd2 26. Qxd2 g6 27. h3 g5 28. Qb4 b5 29. Qc5 Ng6 30. b3 Qa1+ 31. Kh2 Qxa2 32. Bf3 h6 33. b4 Qe6 34. Bxc6 Qe5+ 35. Qxe5 Nxe5 36. Bb7 Nd3 37. Bxa6 Nxb4 38. Bxb5 Kg7 39. g3 f5 40. Bc4 Kf6 41. Kg2 Ke5 42. Kf3 Nc2 43. Ke2 Nd4+ 44. Ke3 f4+ 45. gxf4+ gxf4+ 46. Kd2 Nf3+ 47. Ke2 Ng1+ 48. Kf1 Nxh3 49. Kg2 Ng5 50. Bd3 h5 51. Bc2 h4 52. Bb1 f3+ 53. Kh2 Kf4 54. Bc2 Ke5 55. Bb1 Kd4 56. Bc2 Kc3 57. Bd1 Kd2 58. Bxf3 Nxf3+ 59. Kh3 Ke1 60. Kg2 Ke2 61. Kh1 Ng5 62. Kg2 h3+ 63. Kh1 Kf3 64. Kg1 Ne4 65. Kh2 Nxf2 0-1


[Site "https://www.chess.com"]

[Event "Titled Tuesday Blitz April 11 Early 2023"]
[White "Cherniaiev, Tykhon"]
[Black "Zhukova, Natalia"]
[WhiteFideId "14182360"]
[BlackFideId "14101513"]
[WhiteElo "2450"]
[BlackElo "2297"]
[Result "1-0"]
[Round "01"]
[TimeControl "180+2"]
[Date "2023.04.11"]
[WhiteClock "0:00:03"]
[BlackClock "0:00:03"]

1. Nf3 d5 2. d4 Nf6 3. c4 e6 4. Nc3 c5 5. cxd5 Nxd5 6. g3 Nxc3 7. bxc3 cxd4 8. cxd4 Bb4+ 9. Bd2 Bxd2+ 10. Qxd2 b6 11. Bg2 Bb7 12. O-O O-O 13. Rac1 Nd7 14. Rfd1 Rc8 15. Rxc8 Qxc8 16. Rc1 Qb8 17. Qb4 Rc8 18. Rxc8+ Qxc8 19. Qe7 h6 20. Ne5 Nxe5 21. Bxb7 Qc1+ 22. Kg2 Ng6 23. Qd8+ Nf8 24. Bf3 Qc4 25. a3 Qa4 26. Qe7 Qxd4 27. Qxa7 g5 28. h3 Kg7 29. e3 Qc5 30. a4 Ng6 31. Bh5 Ne5 32. Qb7 Qa5 33. Qe4 Qc5 34. Be2 Ng6 35. Bd3 Qd5 36. Qxd5 exd5 37. Bb5 Ne5 38. f4 Nc4 39. Kf3 Nd6 40. Bc6 1-0


[Site "https://www.chess.com"]

[Event "Titled Tuesday Blitz April 11 Early 2023"]
[White "Gil Alba, Hector Luis"]
[Black "Khoroshev, Nikita"]
[WhiteFideId "3504670"]
[BlackFideId "14200287"]
[WhiteElo "2331"]
[BlackElo "2354"]
[Result "1-0"]
[Round "01"]
[TimeControl "180+2"]
[Date "2023.04.11"]
[WhiteClock "0:01:05"]
[BlackClock "0:00:48"]

1. e4 e5 2. Nf3 Nc6 3. Bb5 a6 4. Ba4 Nf6 5. d3 b5 6. Bb3 Be7 7. O-O O-O 8. c3 d6 9. Nbd2 Na5 10. Bc2 c5 11. Re1 Re8 12. Nf1 Bf8 13. h3 g6 14. Ng3 Nc6 15. Be3 d5 16. Qc1 d4 17. cxd4 Nxd4 18. Nxd4 exd4 19. Bg5 h6 20. Bxh6 Be6 21. Bxf8 Rxf8 22. Qh6 Nh7 23. f4 Qf6 24. e5 Qg7 25. Qxg7+ Kxg7 26. Ne4 c4 27. Red1 Rfd8 28. Nd6 c3 29. bxc3 dxc3 30. d4 Bd5 31. a3 Nf8 32. f5 gxf5 33. Bxf5 Ra7 34. Rac1 Rc7 35. Rd3 c2 36. Rg3+ Kh8 37. Rxc2 Rxc2 38. Bxc2 Rd7 39. Rc3 f6 40. Rc8 fxe5 41. dxe5 Kg7 42. Ne8+ Kf7 43. Nf6 Bb7 44. Rxf8+ Kxf8 45. Nxd7+ Ke7 46. Nc5 1-0


[Site "https://www.chess.com"]

[Event "Titled Tuesday Blitz April 11 Early 2023"]
[White "Jaracz, Pawel"]
[Black "Melaugh, Shane"]
[WhiteFideId "1102222"]
[BlackFideId "2509580"]
[WhiteElo "2438"]
[BlackElo "2034"]
[Result "1-0"]
[Round "01"]
[TimeControl "180+2"]
[Date "2023.04.11"]
[WhiteClock "0:01:12"]
[BlackClock "0:00:38"]

1. Nf3 f5 2. b4 d6 3. Bb2 e5 4. e3 Nf6 5. c4 Be7 6. Nc3 a5 7. b5 O-O 8. d4 e4 9. Nd2 Be6 10. Be2 c6 11. a4 d5 12. O-O Bd6 13. Qb3 f4 14. cxd5 cxd5 15. Ndxe4 fxe3 16. fxe3 Nxe4 17. Rxf8+ Kxf8 18. Nxe4 Bxh2+ 19. Kxh2 Qh4+ 20. Kg1 Qxe4 21. Bf3 Qg6 22. Bxd5 Ke7 23. Ba3+ Kd7 24. Rf1 Bf5 25. e4 Bh3 26. Qxh3+ 1-0


[Site "https://www.chess.com"]

[Event "Titled Tuesday Blitz April 11 Early 2023"]
[White "Toktomushev, Teimur"]
[Black "Karttunen, Mika"]
[WhiteFideId "14176726"]
[BlackFideId "502081"]
[WhiteElo "2116"]
[BlackElo "2396"]
[Result "1/2-1/2"]
[Round "01"]
[TimeControl "180+2"]
[Date "2023.04.11"]
[WhiteClock "0:00:04"]
[BlackClock "0:00:23"]

1. d4 Nf6 2. c4 e6 3. Nf3 d5 4. Nc3 Bb4 5. Qa4+ Nc6 6. e3 O-O 7. Qc2 Re8 8. Bd2 h6 9. Bd3 dxc4 10. Bxc4 e5 11. dxe5 Ng4 12. Qb3 Be6 13. a3 Bf8 14. Bxe6 Rxe6 15. O-O Ncxe5 16. Nxe5 Rxe5 17. h3 Nf6 18. Rfd1 Qc8 19. Ne2 c6 20. Bc3 Rb5 21. Qc2 Be7 22. Ng3 Rg5 23. Rd2 h5 24. Kh1 h4 25. Ne4 Rg6 26. Nxf6+ Bxf6 27. Bxf6 Rxf6 28. Rad1 Qc7 29. Rd7 Qb6 30. R1d2 Re8 31. Qc4 g6 32. Qxh4 Kg7 33. Qg3 Qb3 34. Qc7 b6 35. Kh2 c5 36. R7d6 Rxd6 37. Qxd6 Re6 38. Qf4 Qb5 39. Qg4 Rf6 40. Qg3 Qc6 41. Rd8 Qe4 42. Qg4 Qxg4 43. hxg4 Rxf2 44. b4 cxb4 45. axb4 Rb2 46. Rd7 a6 47. Ra7 Ra2 48. Rb7 Kf6 49. Rxb6+ Kg5 50. Kg3 Ra3 51. Kf3 Ra4 52. b5 a5 53. Ra6 Ra3 54. b6 f5 55. gxf5 gxf5 56. b7 Rb3 57. Rxa5 Rxb7 58. g4 Rf7 59. Re5 Kg6 60. gxf5+ Rxf5+ 61. Ke4 Rf1 62. Kd5 Kf6 63. Re4 Rd1+ 64. Rd4 Re1 65. e4 Ke7 66. e5 Ra1 67. Rh4 Ra5+ 68. Kc6 Rxe5 69. Rh7+ Kf8 70. Rh6 Kg7 71. Rd6 Rg5 72. Rd7+ Kh6 73. Rd6+ Rg6 74. Rxg6+ Kxg6 1/2-1/2


[Site "https://www.chess.com"]

[Event "Titled Tuesday Blitz April 11 Early 2023"]
[White "Korchmar, Vasiliy"]
[Black "Shukhman, Anna"]
[WhiteFideId "24131750"]
[BlackFideId "54180058"]
[WhiteElo "2370"]
[BlackElo "2125"]
[Result "1-0"]
[Round "01"]
[TimeControl "180+2"]
[Date "2023.04.11"]
[WhiteClock "0:00:04"]
[BlackClock "0:00:06"]

1. e4 c5 2. Nf3 a6 3. c4 Nc6 4. Nc3 e5 5. g3 d6 6. Bg2 g6 7. O-O Bg7 8. d3 Nge7 9. a3 O-O 10. Rb1 Rb8 11. b4 cxb4 12. axb4 b5 13. cxb5 axb5 14. Be3 f5 15. exf5 d5 16. fxg6 d4 17. Ng5 dxe3 18. Qb3+ Kh8 19. Nf7+ Rxf7 20. gxf7 Nd4 21. Qb2 e2 22. Nxe2 Be6 23. Nxd4 exd4 24. Ra1 Bxf7 25. Ra7 Bg6 26. Rfa1 Nd5 27. Qb3 Nb6 28. h4 Qg8 29. Qc2 Rc8 30. Qe2 Nd5 31. h5 Bf7 32. Rb7 Nc3 33. Qe7 Bd5 34. Bxd5 Nxd5 35. Qd7 Rd8 36. Qg4 Nf6 37. Qf3 Qd5 38. Qxd5 Nxd5 39. Raa7 Rg8 40. h6 Rc8 41. Rxg7 Nf6 42. Rgf7 Ne8 43. Rf8# 1-0


[Site "https://www.chess.com"]

[Event "Titled Tuesday Blitz April 11 Early 2023"]
[White "Zeman, Matyas"]
[Black "Averjanov, Alexey"]
[WhiteFideId "364398"]
[BlackFideId "14109867"]
[WhiteElo "2254"]
[BlackElo "2726"]
[Result "0-1"]
[Round "01"]
[TimeControl "180+2"]
[Date "2023.04.11"]
[WhiteClock "0:00:04"]
[BlackClock "0:01:26"]

1. d4 d5 2. Bf4 Nf6 3. e3 e6 4. Nf3 c5 5. Nbd2 Bd6 6. Bg3 Qc7 7. dxc5 Qxc5 8. Rc1 O-O 9. c4 Bxg3 10. hxg3 Nc6 11. a3 Rd8 12. cxd5 Qxd5 13. Bc4 Qd6 14. Qc2 h6 15. O-O Bd7 16. Rfd1 Qe7 17. Ne4 Nxe4 18. Qxe4 Rac8 19. g4 Be8 20. Bd3 g6 21. Bb1 Qf6 22. Rxd8 Rxd8 23. Qc2 Ne5 24. Nxe5 Qxe5 25. b4 Bc6 26. Rd1 Rd5 27. Rxd5 Qxd5 28. f3 Kf8 29. Qd3 Qe5 30. Kf2 Qb2+ 31. Kg3 Qe5+ 32. Kf2 Ke7 33. Qd4 Qxd4 34. exd4 Kd6 35. Ke3 b6 36. Be4 Bb5 37. g3 g5 38. f4 f6 39. Bf3 a5 40. Kd2 Bc4 41. Kc3 Bd5 42. Be2 Kc6 43. Kd2 Bg2 44. Bc4 Kd6 45. Ke3 Bc6 46. Bb3 axb4 47. axb4 Bd5 48. Ba4 Bc6 49. Bb3 Bb5 50. Bc2 Bc4 51. Be4 Bb3 52. Bf3 Bc2 53. Be2 Kd5 54. fxg5 hxg5 55. Bf3+ Kc4 56. Be4 Bxe4 57. Kxe4 Kxb4 58. d5 exd5+ 59. Kf5 d4 0-1


[Site "https://www.chess.com"]

[Event "Titled Tuesday Blitz April 11 Early 2023"]
[White "Matinian, Nikita"]
[Black "Yeritsyan, Hayk"]
[WhiteFideId "24129100"]
[BlackFideId "13307320"]
[WhiteElo "2422"]
[BlackElo "2411"]
[Result "1/2-1/2"]
[Round "01"]
[TimeControl "180+2"]
[Date "2023.04.11"]
[WhiteClock "0:00:07"]
[BlackClock "0:00:04"]

1. e4 e5 2. Nf3 Nc6 3. Bb5 Nf6 4. d3 Bc5 5. Bxc6 dxc6 6. Nbd2 Nd7 7. Nb3 Bd6 8. Qe2 c5 9. Na5 Nf8 10. h4 f6 11. h5 Ne6 12. Nh4 Nd4 13. Qd1 b6 14. Nc4 Be6 15. c3 Nc6 16. Ne3 Qd7 17. Nhf5 O-O-O 18. Qa4 Kb7 19. h6 g6 20. Ng7 Bf7 21. O-O Bf8 22. Rd1 Bxg7 23. hxg7 Rhg8 24. a3 Na5 25. Qxd7 Rxd7 26. b4 Nb3 27. Rb1 cxb4 28. axb4 Nxc1 29. Rbxc1 Rxg7 30. Kf1 Rg8 31. Ke2 Rgd8 32. g3 h5 33. f4 Be6 34. Rd2 exf4 35. gxf4 g5 36. f5 Bf7 37. Rg1 h4 38. Ng4 Bh5 39. Ke3 Bxg4 40. Rxg4 Re7 41. d4 Rde8 42. c4 c6 43. c5 bxc5 44. bxc5 a5 45. Rb2+ Ka7 46. Ra2 Ka6 47. Kd3 Rb7 48. d5 Rb3+ 49. Kc2 Re3 50. d6 R3xe4 51. Rxe4 Rxe4 52. Kd3 Re5 53. Kc4 Rd5 54. Rb2 h3 55. Rb6+ Ka7 56. Rxc6 h2 57. Rc7+ Ka6 58. Rh7 Rd2 59. Kc3 Rd5 60. Kc4 Rd2 61. Rh8 g4 62. Kc3 Rd5 63. Kc4 Rd2 64. Kc3 Rd5 65. Kc4 Rd2 1/2-1/2


[Site "https://www.chess.com"]

[Event "Titled Tuesday Blitz April 11 Early 2023"]
[White "Avazkhonov, Alikhon"]
[Black "Pakleza, Zbigniew"]
[WhiteFideId "14208504"]
[BlackFideId "1119290"]
[WhiteElo "1739"]
[BlackElo "2410"]
[Result "1-0"]
[Round "01"]
[TimeControl "180+2"]
[Date "2023.04.11"]
[WhiteClock "0:00:04"]
[BlackClock "0:00:01"]

1. d4 d6 2. e4 Nf6 3. Nc3 c6 4. f3 Qb6 5. a3 e5 6. Be3 Nbd7 7. Nge2 Be7 8. Na4 Qc7 9. Qd2 O-O 10. g4 d5 11. g5 Nh5 12. Nac3 dxe4 13. Nxe4 Nb6 14. Qa5 exd4 15. Bxd4 Rd8 16. O-O-O Be6 17. Nf6+ gxf6 18. gxf6 Nxf6 19. Qg5+ Kf8 20. Rg1 Ke8 21. Nf4 Nfd5 22. Qg8+ Kd7 23. Nxe6 Rxg8 24. Nxc7 Rxg1 25. Nxa8 Nxa8 26. Bh3+ Kc7 27. Rxg1 Nf4 28. Bf1 Bd6 29. Be3 Nd5 30. Bd2 Bxh2 31. Rg7 h5 32. Rxf7+ Kb6 33. Rh7 Bd6 34. Rxh5 Nac7 35. c4 Nf6 36. Rf5 Nd7 37. b4 c5 38. Bd3 a5 39. bxa5+ Ka7 40. Bc3 Nb8 41. Kc2 Nc6 42. Rf6 Be7 43. Rg6 1-0


[Site "https://www.chess.com"]